 Dungeon Crawl Stone Soup version 0.21.1-1-g345015f (webtiles) character file.

207 Lurcharcal the Skirmisher (level 5, -1/46 HPs)
             Began as a Draconian Fighter on May 24, 2018.
             Killed by nerve-wracking pain
             ... invoked by a shadow imp
              (8 damage)
             ... on level 3 of the Dungeon.
             The game lasted 00:25:48 (3152 turns).

Lurcharcal the Skirmisher (Draconian Fighter)       Turns: 3152, Time: 00:25:49

Health: -1/46      AC:  7    Str: 19    XL:     5   Next: 54%
Magic:  0/5        EV: 11    Int:  8    God:
Gold:   109        SH:  9    Dex: 11    Spells: 4/4 levels left

rFire    . . .     SeeInvis .   a - +0 long sword
rCold    . . .     Gourm    .   b - +0 shield
rNeg     . . .     Faith    .   (armour unavailable)
rPois    .         Spirit   +   (helmet restricted)
rElec    .         Reflect  .   n - +1 cloak {+Inv}
rCorr    .         Harm     .   (no gloves)
MR       .....                  (no boots)
Stlth    +.........             l - amulet of guardian spirit
HPRegen  0.15/turn              (no ring)
MPRegen  0.09/turn              (no ring)

@: hasted, quick
A: unfitting armour, cold-blooded, AC +5
a: Evoke Invisibility


You were on level 3 of the Dungeon.
You were not hungry.

You visited 1 branch of the dungeon, and saw 3 of its levels.

You collected 109 gold pieces.

Inventory:

Hand Weapons
 a - a +0 long sword (weapon)
 c - a +0 falchion
Missiles
 e - 71 arrows (quivered)
 f - 28 bolts
Armour
 b - a +0 shield (worn)
 n - a +1 cloak of invisibility (worn)
Jewellery
 l - an amulet of guardian spirit (around neck)
Wands
 m - a wand of polymorph (27)
Scrolls
 o - 2 scrolls of remove curse
Potions
 g - a potion of lignification
 h - 2 potions of agility
 j - a potion of degeneration {unknown}
 k - a potion of brilliance
Comestibles
 d - 3 rations
 p - a chunk of flesh


   Skills:
 + Level 4.2 Fighting
 + Level 3.9 Long Blades
 + Level 3.5 Dodging
 + Level 0.5 Stealth
 + Level 3.8 Shields


You had 4 spell levels left.
You didn't know any spells.

Dungeon Overview and Level Annotations

Branches:
Dungeon (3/15)

Altars:

Annotations:
D:3 1 transporter


Innate Abilities, Weirdness & Mutations

Your plain brown scales are hard. (AC +5)
You cannot fit into any form of body armour.
You are cold-blooded and may be slowed by cold attacks.


Message History

The shadow imp gestures at you. Pain shoots through your body!
You feel yourself speed up.
Some of the chunks of flesh in your inventory have rotted away.
There is an open door here.
You enter the shallow water.
Moving in this stuff is going to be slow.
The shadow imp gestures at you. Pain shoots through your body!
* * * LOW HITPOINT WARNING * * *
You completely miss the plant. You tail-slap the plant.
The plant is lightly damaged.
The shadow imp gestures at you. Pain shoots through your body!
* * * LOW HITPOINT WARNING * * *
You hit the plant but do no damage.
The plant is lightly damaged.
The shadow imp gestures at you. Pain shoots through your body!
You die...

#...# #.#########.#.. .# #.
.........#8P$©$P8#.###
.####. #...####.#≈..)..≈#.#
.#.... ##.## #.####+####.#
.#.##. .# #.#.≈...≈.#.# .#.
#. #.#.≈...≈.#.####.#.##.
#####.#.≈≈≈≈≈.#.......#..[
#.#.....#.≈P♣≈≈.#......#.###
#.#.###.#5≈@≈≈≈5#...####.
#.#.###.#5≈...≈o#.#.# #.
#....##.#.≈...≈.#.#.# #.
#.#.#.#[####'####.#.# #.
#.......#P.....P#.#.####.
#.#.#.#.#8P.©.P8#........
##÷..##.#########.##.####
##.........©.....# #
###...###...#####


You could see an orc priest and 3 shadow imps.

Vanquished Creatures
  A worker ant (D:2)
  The ghost of Iko the Charlatan, a weakling TeAr (D:3)
  Robin (D:3)
  4 gnolls (D:3)
  5 adders
  2 worms (D:2)
  5 dart slugs
  An orc (D:3)
  A ball python (D:1)
  7 bats
  3 giant cockroaches
  10 goblins
  7 hobgoblins
  6 kobolds
  2 quokkas (D:3)
  2 frilled lizards
  7 rats
65 creatures vanquished.

Notes
Turn   | Place    | Note
-------+----------+-------------------------------------------
     0 | D:1      | Lurcharcal the Draconian Fighter began the quest for the Orb.
     0 | D:1      | Reached XP level 1. HP: 19/19 MP: 1/1
   147 | D:1      | Reached XP level 2. HP: 26/26 MP: 2/2
   806 | D:2      | Reached XP level 3. HP: 14/33 MP: 3/3
  1148 | D:2      | Reached skill level 4 in Fighting
  1291 | D:2      | Reached XP level 4. HP: 27/40 MP: 4/4
  1875 | D:3      | Reached XP level 5. HP: 7/46 MP: 3/5
  1963 | D:3      | Noticed Robin
  1995 | D:3      | Killed Robin
  2290 | D:3      | Noticed a sky beast
  2306 | D:3      | HP: 2/46 [something (5)]
  2931 | D:3      | Found a transporter.
  2941 | D:3      | Noticed Iko's ghost (weakling TeAr)
  2952 | D:3      | Killed Iko's ghost
  2993 | D:3      | Found a transporter.
  3152 | D:3      | Killed from afar by a shadow imp

Skill      XL: |  1  2  3  4 |
---------------+-------------+-----
Fighting       | 4 |  4.2
Dodging        | 3 |  3.5
Long Blades    | 3 |  3.9
Stealth        | |  0.5
Shields        | |  3.8

Action                   |  1- 3 |  4- 6 || total
-------------------------+-------+-------++-------
Melee: Long sword        |    61 |   155 ||   216
       Tailslap          |    10 |    17 ||    27
  Use: Scroll            |     4 |     8 ||    12
       Potion            |       |     3 ||     3
 Stab: Sleeping          |     1 |     1 ||     2
  Eat: Chunk             |     1 |     4 ||     5
       Ration            |       |     1 ||     1
Armor: Skin              |    13 |    51 ||    64
Dodge: Dodged            |    40 |    74 ||   114
Block: Shield            |    28 |    83 ||   111
       Rpst.: Long sword |    15 |    15 ||    30
